 Dungeon Crawl Stone Soup version 0.26-a0-854-gdc81c2f471 (webtiles) character file.

Game seed: 10584643581877657688

6369 strifetoe the Destroyer (level 10, -3/72 HPs)
             Began as a Demonspawn Fire Elementalist on Nov 24, 2020.
             Was a Follower of Vehumet.
             Slain by a yak (15 damage)
             ... on level 9 of the Dungeon.
             The game lasted 00:26:21 (14656 turns).

strifetoe the Destroyer (DsFE)                     Turns: 14656, Time: 00:26:22

Health: -3/72      AC: 11    Str:  9    XL:     10   Next: 65%
Magic:  16/16      EV: 12    Int: 19    God:    Vehumet [*.....]
Gold:   649        SH:  0    Dex: 20    Spells: 9/17 levels left

rFire    . . .     SeeInvis +   a - +3 dagger (flame)
rCold    + . .     Faith    .   (no shield)
rNeg     . . .     Spirit   .   c - +0 leather armour
rPois    +         Reflect  .   x - +0 hat {MR+}
rElec    .         Harm     .   D - +2 cloak {rPois}
rCorr    .         Rampage  .   (no gloves)
MR       +....                  y - +0 pair of boots
Stlth    ++........             (no amulet)
HPRegen  0.22/turn              l - +6 ring of dexterity
MPRegen  0.15/turn              d - ring of see invisible

@: no status effects
A: hooves 2, icy blue scales 3, spiny 1
a: Renounce Religion


You were on level 9 of the Dungeon.
You worshipped Vehumet.
Vehumet was aware of your devotion.
You visited 2 branches of the dungeon, and saw 10 of its levels.

You collected 649 gold pieces.

Inventory:

Hand Weapons
 a - a +3 dagger of flaming (weapon)
 b - a +2 dagger of venom
 z - the +8 glaive of the Guard {elec, +Rage AC+5 SInv}
   (You found it on level 7 of the Dungeon)

   Occasionally, upon striking a foe, it will discharge some electrical energy
   and cause terrible harm.
   It affects your AC (+5).
   It lets you see invisible.
   It lets you go berserk.
Armour
 c - a +0 leather armour (worn)
 p - a +2 hat
 x - a +0 hat of magic resistance (worn)
 y - a +0 pair of boots (worn)
 D - a +2 cloak of poison resistance (worn)
Jewellery
 d - a ring of see invisible (right hand)
 l - a +6 ring of dexterity (left hand)
 w - an uncursed ring of ice
Wands
 r - a wand of polymorph (7)
Scrolls
 e - 7 scrolls of remove curse
 f - 2 scrolls of fog
 g - 3 scrolls of magic mapping
 i - a scroll of enchant weapon
 j - 3 scrolls of identify
 k - 4 scrolls of amnesia
 o - a scroll of teleportation
 C - 3 scrolls of immolation
Potions
 m - 2 potions of attraction
 q - a potion of heal wounds
 s - 2 potions of mutation
 t - a potion of brilliance
 u - 3 potions of flight
 v - a potion of haste
 A - 2 potions of lignification


   Skills:
 - Level 4.2 Fighting
 - Level 3.2 Short Blades
 + Level 7.1 Polearms
 - Level 1.7 Dodging
 - Level 1.7 Stealth
 - Level 4.4 Spellcasting
 - Level 9.1 Conjurations
 - Level 8.0 Fire Magic


You had 9 spell levels left.
You knew the following spells:

 Your Spells              Type           Power        Failure   Level
a - Foxfire               Conj/Fire      ####         1%          1
b - Conjure Flame         Conj/Fire      #####...     1%          3
c - Sticky Flame          Conj/Fire      #####...     5%          4

Your spell library contained the following spells:

 Spells                   Type           Power        Failure   Level
 Magic Dart               Conj           ####         1%          1
 Inner Flame              Hex/Fire       ###.....     11%         3
 Fireball                 Conj/Fire      #####.....   16%         5


Dungeon Overview and Level Annotations

Branches:
Dungeon (9/15)             Temple (1/1) D:6
   Lair: D:8-11         Orc: D:9-12

Altars:
Ashenzari
Cheibriados
Dithmenos
Fedhas
Gozag
Kikubaaqudgha
Makhleb
Nemelex Xobeh
Okawaru
Qazlal
Ru
Sif Muna
Uskayaw
Vehumet
Wu Jian
Xom
Yredelemnul
Zin
The Shining One

Shops:
D:6 (

Annotations:
D:2 exclusion: downstairs
D:3 TheFalseGod1234's ghost, amateur GnWz
D:6 exclusion: downstairs
D:7 exclusion: downstairs


Innate Abilities, Weirdness & Mutations

You have hoof-like feet.
You are completely covered in icy blue scales. (AC +4, rC+)
You are partially covered in sharp spines.


Message History

Vehumet accepts your kill.
Your Polearms skill increases to level 7!
You climb upwards.
There is a stone staircase leading down here.
Unknown command.
You start resting.
HP restored.
You start resting.
Magic restored.
You climb downwards.
The yak gores you but does no damage. The yak gores you!
The yak is struck by your spines. The yak gores you! The yak gores you.
The yak is struck by your spines. The yak closely misses you.
The yak gores you!
There is a stone staircase leading up, spattered with blood here.
Unknown command.
The yak gores you!
* * * LOW HITPOINT WARNING * * *
The yak is struck by your spines. The yak gores you!
* * * LOW HITPOINT WARNING * * *
The yak is struck by your spines. The yak gores you!
You die...

... ########..
..........
.........########
.........#......#
#......#......#
#...Z.W#......#
#...Y.Y#....YY#
#.o..#'#..o†@.#
#.oYo#.WB..Y..#
#o.Bo##########
#.G.. #.... .....
.l....


You could see 3 yaks, a phantom, a worker ant and an orc.

Vanquished Creatures
  Gastronok (D:8)
  Maurice (D:8)
  The ghost of iamoutofideas the Magician, a novice DEFE (D:3)
  A hornet (D:7)
  The ghost of kuyyie the Grasshopper, an amateur HaWr of Okawaru (D:4)
  Sigmund (D:3)
  2 yaks (D:9)
  The ghost of astralcataclysm the Chiller, an amateur DrIE (D:4)
  2 black bears (D:8)
  2 sky beasts
  2 ice beasts (D:8)
  2 orc warriors
  2 phantoms (D:5)
  2 ogres (D:7)
  6 centaurs
  3 bullfrogs
  A wyvern zombie (D:8)
  3 scorpions
  A water moccasin skeleton (D:7)
  7 wights (D:7)
  2 howler monkeys
  2 centaur zombies
  A bullfrog skeleton (D:5)
  A centaur skeleton (D:7)
  A hound (D:8)
  A jelly (D:7)
  Natasha (thrice) (D:2)
  2 iguanas (D:4)
  5 orc wizards
  5 worker ants
  A hound zombie (D:7)
  2 worker ant zombies
  Robin (D:3)
  8 adders
  6 gnolls
  A howler monkey skeleton (D:7)
  2 shadow imps
  4 white imps
  An ufetubus (D:5)
  An ooze (D:2)
  2 adder skeletons
  An adder zombie (D:6)
  5 worms
  4 leopard geckos
  22 orcs
  8 bats
  7 giant cockroaches
  11 goblins
  8 hobgoblins
  11 jackals
  2 kobolds
  5 quokkas
  2 ball pythons
  6 frilled lizards
  A leopard gecko zombie (D:8)
  9 rats
196 creatures vanquished.

Vanquished Creatures (others)
  175 foxfires
175 creatures vanquished.

Grand Total: 371 creatures vanquished

Notes
Turn   | Place    | Note
-------+----------+-------------------------------------------
     0 | D:1      | strifetoe the Demonspawn Fire Elementalist began the quest
                  | for the Orb.
     0 | D:1      | Reached XP level 1. HP: 13/13 MP: 3/3
   677 | D:1      | Gained mutation: You are partially covered in icy blue
                  | scales. (AC +2) [demonic ancestry]
   677 | D:1      | Reached XP level 2. HP: 19/19 MP: 3/5
  1685 | D:2      | Reached XP level 3. HP: 24/24 MP: 6/6
  1713 | D:2      | Reached skill level 1 in Short Blades
  2019 | D:2      | Gained mutation: You have large cloven feet. [demonic
                  | ancestry]
  2019 | D:2      | Reached XP level 4. HP: 30/30 MP: 5/7
  2023 | D:2      | Learned a level 3 spell: Conjure Flame
  2459 | D:2      | Noticed Natasha
  2469 | D:2      | Killed Natasha
  2634 | D:2      | Noticed Natasha
  2643 | D:2      | Killed Natasha
  2644 | D:2      | Reached skill level 2 in Conjurations
  2705 | D:2      | Reached XP level 5. HP: 24/35 MP: 6/8
  2771 | D:2      | Noticed Natasha
  2779 | D:2      | Killed Natasha
  3435 | D:3      | Reached skill level 3 in Conjurations
  3818 | D:3      | Gained mutation: You are partially covered in sharp spines.
                  | [demonic ancestry]
  3818 | D:3      | Reached XP level 6. HP: 31/41 MP: 9/9
  3891 | D:3      | Learned a level 4 spell: Sticky Flame
  4076 | D:3      | Noticed Sigmund
  4216 | D:3      | Killed Sigmund
  4217 | D:3      | Reached skill level 4 in Conjurations
  4336 | D:3      | Noticed Robin
  4360 | D:3      | Killed Robin
  4413 | D:3      | Reached skill level 5 in Conjurations
  4625 | D:3      | Found a shadowy altar of Dithmenos.
  4773 | D:4      | Found a shimmering altar of Xom.
  4773 | D:4      | Found a glowing silver altar of Zin.
  4773 | D:4      | Noticed an angel
  4827 | D:4      | Found an ornate altar of the Wu Jian Council.
  4828 | D:4      | Found a glowing golden altar of the Shining One.
  4829 | D:4      | Found a sparkling altar of Nemelex Xobeh.
  5167 | D:4      | Gained mutation: You have hoof-like feet. [demonic
                  | ancestry]
  5167 | D:4      | Reached XP level 7. HP: 46/46 MP: 10/10
  5758 | D:4      | Found a runed translucent gate.
  5759 | D:4      | Found a runed translucent gate.
  5760 | D:4      | Found a runed translucent gate.
  5761 | D:4      | Noticed TheFalseGod1234's ghost (amateur GnWz)
  5762 | D:4      | Noticed astralcataclysm's ghost (amateur DrIE)
  5762 | D:4      | Noticed iamoutofideas's ghost (novice DEFE)
  5762 | D:4      | Noticed kuyyie's ghost (amateur HaWr)
  5991 | D:3      | Killed iamoutofideas's ghost
  5992 | D:3      | Reached skill level 7 in Conjurations
  6129 | D:5      | Entered Level 5 of the Dungeon
  6733 | D:5      | Gained mutation: You are mostly covered in icy blue scales.
                  | (AC +3) [demonic ancestry]
  6733 | D:5      | Reached XP level 8. HP: 23/52 MP: 8/11
  6746 | D:5      | Reached skill level 8 in Conjurations
  7389 | D:5      | Reached skill level 9 in Conjurations
  7772 | D:6      | Found a blossoming altar of Fedhas.
  8023 | D:6      | Found a staircase to the Ecumenical Temple.
  8031 | D:6      | Found Plog's Weapon Boutique.
  8088 | Temple   | Entered the Ecumenical Temple
  8128 | Temple   | Became a worshipper of Vehumet
  8199 | D:6      | Reached skill level 5 in Fire Magic
  8681 | D:7      | Found the +8 glaive of the Guard {elec, +Rage AC+5 SInv}
  8907 | D:7      | Reached skill level 1 in Polearms
  8907 | D:7      | Reached XP level 9. HP: 46/57 MP: 9/12
  8986 | D:7      | Found a broken altar of Ashenzari.
 10024 | D:7      | Found a runed translucent door.
 10814 | D:8      | Noticed Gastronok
 11495 | D:7      | Paralysed by a hornet for 3 turns
 12066 | D:8      | Noticed Maurice
 12088 | D:8      | Killed Maurice
 12323 | D:8      | Reached skill level 1 in Fighting
 12323 | D:8      | Reached skill level 5 in Polearms
 13076 | D:8      | Gained mutation: You are completely covered in icy blue
                  | scales. (AC +4, rC+) [demonic ancestry]
 13076 | D:8      | Reached XP level 10. HP: 58/67 MP: 14/14
 13172 | D:8      | Found a snail-covered altar of Cheibriados.
 13275 | D:8      | Reached * piety under Vehumet
 13275 | D:8      | Offered knowledge of Magic Dart by Vehumet.
 13837 | D:8      | Killed Gastronok
 14282 | D:4      | Killed kuyyie's ghost
 14293 | D:4      | Killed astralcataclysm's ghost
 14656 | D:9      | Slain by a yak

Illustrated notes

Levels and vault maps discovered:
D:1:      sevenhm_arrival_forest_fort_small_3, layout_loops_cross
D:2:      layout_rooms, uniq_natasha
D:3:      layout_loops_ring, marbit_many_paths, uniq_robin, uniq_sigmund
D:4:      layout_cave_pods, grunt_temple_overflow_order_and_chaos_1,
          chequers_temple_overflow_statue_of_worship, gammafunk_ghost_cemetery,
          minivault_25, skrybe_limestone_x
D:5:      layout_basic
D:6:      layout_basic, temple_doors_e, basic_altar, serial_shops, shop_coins
D:7:      minmay_the_grid_triangle_9x9_rhombus_full
          [minmay_the_grid_triangle_9x9_skeleton,
          minmay_the_grid_triangle_9x9_dagger,
          minmay_the_grid_triangle_9x9_empty,
          minmay_the_grid_triangle_9x9_descending_squares,
          minmay_the_grid_triangle_9x9_negative_grid,
          minmay_the_grid_triangle_9x9_empty,
          minmay_the_grid_triangle_9x9_subtriangle,
          minmay_the_grid_triangle_9x9_prize_special], layout_basic,
          nicolae_overflow_hidden_temple
D:8:      layout_basic, slow_altar_1, uniq_maurice, uniq_gastronok
D:9:      layout_irregular_city, due_lair_maze_entry_diamond, basic_altar,
          st_stairs_6
Temple:   nicolae_temple_great_sept

Skill      XL: |  1  2  3  4  5  6  7  8  9 10 |
---------------+-------------------------------+-----
Fire Magic     | 3 4 6 8 |  8.0
Short Blades   | 1 2 3 |  3.2
Conjurations   | 2 3 5 7 9 |  9.1
Polearms       | 1 5 7 |  7.1
Fighting       | 1 4 |  4.2
Spellcasting   | 4 |  4.4
Dodging        | |  1.7
Stealth        | |  1.7

Action                   |  1- 3 |  4- 6 |  7- 9 | 10-12 || total
-------------------------+-------+-------+-------+-------++-------
Melee: Unarmed           |    10 |       |       |       ||    10
       Club              |    72 |       |       |       ||    72
       Dagger            |    32 |   125 |   276 |    23 ||   456
       Kick              |       |    36 |       |       ||    36
       Glaive            |       |       |       |     8 ||     8
 Cast: Foxfire           |    16 |    13 |    63 |    17 ||   109
       Conjure Flame     |       |     1 |     5 |     2 ||     8
       Sticky Flame      |       |       |    13 |     6 ||    19
Evoke: Wand              |       |    14 |     8 |     2 ||    24
  Use: Potion            |     3 |       |     1 |       ||     4
       Scroll            |       |     4 |    13 |     2 ||    19
 Stab: Sleeping          |       |     7 |     3 |       ||    10
Armor: Leather armour    |    57 |    36 |    96 |    17 ||   206
Dodge: Dodged            |    97 |    87 |   165 |    13 ||   362

Table legend: (Time is in decaauts)
 A = Elapsed time spent in this place.
 B = Non-inter-level travel time spent in this place.
 C = Inter-level travel time spent in this place.
 D = Time resting spent in this place.
 E = Time spent auto-exploring this place.
 F = Levels seen in this place.
 G = Mean time per level.
                   A        B        C        D        E       F      G
               +--------+--------+--------+--------+--------+-----+--------+
         Total |  14694 |  14135 |    559 |   6794 |   4819 |  10 | 1469.4 |
       Dungeon |  14635 |  14076 |    559 |   6794 |   4796 |   9 | 1626.1 |
        Temple |     58 |     58 |      0 |      0 |     23 |   1 |   58.0 |
               +--------+--------+--------+--------+--------+-----+--------+

Top non-repeatable levels by time:
     D:7: 4121 daAuts
     D:1: 1949 daAuts
     D:3: 1775 daAuts
     D:4: 1512 daAuts
     D:2: 1401 daAuts
     D:5: 1395 daAuts
     D:8: 1293 daAuts
     D:6: 1160 daAuts
  Temple: 58 daAuts
     D:9: 25 daAuts
